[Event "IIFL Wealth  4th Mumbai Junior U-13"]
[Site "Mumbai"]
[Date "2019.01.06"]
[Round "8"]
[White "Virle Kimaya"]
[Black "Sri Rashmika M"]
[Result "1/2-1/2"]
[ECO "D68"]
[WhiteElo "1391"]
[BlackElo "1039"]
[Annotator "NA"]
[PlyCount "98"]
[EventDate "2018.12.30"]
[EventType "swiss"]
[EventCountry "IND"]
[SourceTitle "playchess.com"]
[Source "ChessBase"]
[SourceQuality "1"]
[TimeControl "40/5400+30:1800+30"]

1. d4 d5 2. c4 e6 3. Nc3 Nf6 4. Bg5 Be7 5. e3 O-O 6. Nf3 Nbd7 7. Rc1 c6 8. Bd3 dxc4 9. Bxc4 Nd5 10. Bxe7 Qxe7 11. O-O Nxc3 12. Rxc3 e5 13. Qc2 exd4 14. exd4 Nb6 15. Re1 Qf6 16. Bb3 Bg4 17. Qe4 Qf5 18. Qxf5 Bxf5 19. Rc5 Bd7 20. Ng5 Rae8 21. Rce5 Nd5 22. Kf1 f6 23. Rxe8 Rxe8 24. Rxe8+ Bxe8 25. Bxd5+ cxd5 26. Ne6 Bc6 27. Nd8 Kf8 28. Ne6+ Kf7 29. Nc5 b6 30. Nb3 Bb5+ 31. Ke1 Bc4 32. Nc1 Ke6 33. b3 Ba6 34. a3 Kf5 35. Kd2 Ke4 36. Kc3 Bf1 37. g3 Kf3 38. Na2 Kxf2 39. Nb4 Bg2 40. Nc6 a6 41. Nb8 Bf1 42. Nd7 Kg2 43. Nxb6 Kxh2 44. Nxd5 Kxg3 45. Nc7 Kf4 46. Ne6+ Ke4 47. Nxg7 f5 48. Nh5 f4 49. d5 Kxd5 {Kd4+} 1/2-1/2

[Event "IIFL Wealth  4th Mumbai Junior U-13"]
[Site "Mumbai"]
[Date "2019.01.06"]
[Round "8"]
[White "Agarwal Mukund H"]
[Black "Kshatriya Nitin Vekhande"]
[Result "1/2-1/2"]
[ECO "B23"]
[WhiteElo "1375"]
[BlackElo "1544"]
[Annotator "NA"]
[PlyCount "125"]
[EventDate "2018.12.30"]
[EventType "swiss"]
[EventCountry "IND"]
[SourceTitle "playchess.com"]
[Source "ChessBase"]
[SourceQuality "1"]
[TimeControl "40/5400+30:1800+30"]

1. e4 c5 2. Nc3 g6 3. f4 Bg7 4. Nf3 Nc6 5. Bb5 Nd4 6. Nxd4 Bxd4 7. Ne2 Bg7 8. d3 a6 9. Bc4 b5 10. Bb3 e6 11. c3 Ne7 12. O-O O-O 13. Be3 Qc7 14. d4 c4 15. Bc2 Bb7 16. Ng3 f5 17. exf5 exf5 18. Qd2 Nd5 19. Rae1 Rae8 20. Bd1 Re7 21. Bf3 Rfe8 22. Bxd5+ Bxd5 23. Rf2 Qb7 24. Rfe2 Bh6 25. Rf2 d6 26. Rfe2 Kf7 27. Rf2 Qd7 28. Rfe2 Rxe3 29. Rxe3 Bxf4 30. Qf2 Rxe3 31. Rxe3 Bxe3 32. Qxe3 Qe7 33. Qxe7+ Kxe7 34. Kf2 Kf6 35. Ne2 g5 36. g3 h6 37. Ke3 Be4 38. Kf2 Bd3 39. Ng1 g4 40. h4 Bb1 41. a3 Bd3 42. Ke3 f4+ 43. Kxf4 h5 44. Ke3 Kf5 45. b4 d5 46. Kf2 Ke4 47. Ne2 Bxe2 48. Kxe2 Kf5 49. Ke3 Ke6 50. Kf4 Kf6 51. Ke3 Kf5 52. Kf2 Ke4 53. Ke2 Kf5 54. Ke3 Ke6 55. Kf4 Kf6 56. Ke3 Kf5 57. Kf2 Ke4 58. Ke2 Kf5 59. Ke3 Ke6 60. Kf4 Kf6 61. Ke3 Kf5 62. Kf2 Ke4 63. Ke2 {Ke5} 1/2-1/2

[Event "IIFL Wealth  4th Mumbai Junior U-13"]
[Site "Mumbai"]
[Date "2019.01.06"]
[Round "8"]
[White "Shreyas Seshadri Nallore"]
[Black "Aditya Ramanathan"]
[Result "1-0"]
[ECO "C44"]
[WhiteElo "1343"]
[BlackElo "1493"]
[Annotator "NA"]
[PlyCount "125"]
[EventDate "2018.12.30"]
[EventType "swiss"]
[EventCountry "IND"]
[SourceTitle "playchess.com"]
[Source "ChessBase"]
[SourceQuality "1"]
[TimeControl "40/5400+30:1800+30"]

1. e4 e5 2. Nf3 Nc6 3. d4 exd4 4. Nxd4 Nf6 5. Nc3 Bb4 6. Nxc6 bxc6 7. Bd3 d5 8. exd5 O-O 9. O-O cxd5 10. Bg5 c6 11. Qf3 Be6 12. Bxf6 Qxf6 13. Qxf6 gxf6 14. Ne2 c5 15. Ng3 c4 16. Be2 Bd6 17. Rad1 Rfd8 18. Bf3 Be5 19. b3 cxb3 20. cxb3 Rac8 21. Rd2 d4 22. Rfd1 Rc7 23. Ne2 Rcd7 24. Bc6 Rd6 25. Bb5 a6 26. Bd3 f5 27. f4 Bf6 28. Ng3 Kf8 29. Bxf5 Bxf5 30. Nxf5 Rd5 31. Ng3 d3 32. Kf1 Bc3 33. Rf2 d2 34. Ne4 Ba5 35. a3 Rd4 36. Nc5 Re8 37. b4 Bb6 38. Rdxd2 Bxc5 39. bxc5 Rc4 40. Rc2 Rd4 41. g3 Rc8 42. Rc3 Rd1+ 43. Kg2 Rd5 44. c6 Rd6 45. c7 Ke7 46. Rfc2 Kd7 47. Kf3 f5 48. Kg2 h5 49. Kh3 a5 50. Rc5 h4 51. Kxh4 Rg6 52. Rxf5 a4 53. Rg5 Rh6+ 54. Rh5 Re6 55. Rc3 Ke7 56. g4 Re2 57. h3 Rh2 58. f5 Kf6 59. Rh6+ Kg7 60. Rd6 Rh8+ 61. Kg5 Rc8 62. Rd8 Rxc7 63. Rxc7# 1-0

[Event "IIFL Wealth  4th Mumbai Junior U-13"]
[Site "Mumbai"]
[Date "2019.01.06"]
[Round "8"]
[White "Jain, Kushagra"]
[Black "Kadam Laksh"]
[Result "1-0"]
[ECO "C51"]
[WhiteElo "1323"]
[BlackElo "1182"]
[Annotator "NA"]
[PlyCount "69"]
[EventDate "2018.12.30"]
[EventType "swiss"]
[EventCountry "IND"]
[SourceTitle "playchess.com"]
[Source "ChessBase"]
[SourceQuality "1"]
[TimeControl "40/5400+30:1800+30"]

1. e4 e5 2. Bc4 Bc5 3. Nf3 Nc6 4. b4 Bxb4 5. c3 Be7 6. d4 d6 7. Qb3 Na5 8. Bxf7+ Kf8 9. Qa4 Kxf7 10. Qxa5 b6 11. Qa4 Bf6 12. O-O Ne7 13. dxe5 dxe5 14. Rd1 Qe8 15. Qc4+ Be6 16. Qxc7 Qa4 17. Re1 Qa5 18. Ba3 Rac8 19. Qd6 Rhd8 20. Qb4 Qxb4 21. Bxb4 a5 22. Bxe7 Kxe7 23. Rc1 Bg4 24. Nbd2 g5 25. h3 Bxf3 26. Nxf3 h5 27. Rab1 Rc6 28. Rb5 Ke6 29. Kf1 Rdc8 30. Ke2 Bd8 31. Rxe5+ Kd6 32. Rd5+ Kc7 33. Nxg5 Kb7 34. Nf7 Bf6 35. Rb5 1-0

[Event "IIFL Wealth  4th Mumbai Junior U-13"]
[Site "Mumbai"]
[Date "2019.01.06"]
[Round "8"]
[White "Aditya Sriram"]
[Black "Daakshin Arun"]
[Result "0-1"]
[ECO "B99"]
[WhiteElo "1315"]
[BlackElo "1400"]
[Annotator "NA"]
[PlyCount "44"]
[EventDate "2018.12.30"]
[EventType "swiss"]
[EventCountry "IND"]
[SourceTitle "playchess.com"]
[Source "ChessBase"]
[SourceQuality "1"]
[TimeControl "40/5400+30:1800+30"]

1. e4 c5 2. Nf3 d6 3. d4 cxd4 4. Nxd4 Nf6 5. Nc3 a6 6. Bg5 e6 7. f4 Be7 8. Qf3 Nbd7 9. O-O-O Qc7 10. g4 b5 11. Bxf6 Nxf6 12. g5 Nd7 13. f5 Ne5 14. Qg3 b4 15. Nce2 Bd7 16. h4 Rc8 17. Qb3 Ng4 18. fxe6 fxe6 19. Rg1 Nf2 20. Re1 e5 21. Qf3 exd4 22. Qxf2 Qxc2# 0-1

[Event "IIFL Wealth  4th Mumbai Junior U-13"]
[Site "Mumbai"]
[Date "2019.01.06"]
[Round "8"]
[White "Mitank Maru"]
[Black "Makwana Devam"]
[Result "1-0"]
[ECO "A11"]
[WhiteElo "1312"]
[BlackElo "1617"]
[Annotator "NA"]
[PlyCount "70"]
[EventDate "2018.12.30"]
[EventType "swiss"]
[EventCountry "IND"]
[SourceTitle "playchess.com"]
[Source "ChessBase"]
[SourceQuality "1"]
[TimeControl "40/5400+30:1800+30"]

1. c4 c6 2. e4 g6 3. d4 Bg7 4. Nf3 d6 5. Nc3 Bg4 6. Be2 Nd7 7. O-O c5 8. d5 Ngf6 9. Re1 O-O 10. h3 Bxf3 11. Bxf3 Nb6 12. Be2 Nfd7 13. Qc2 Ne5 14. Nd1 f5 15. f4 Ned7 16. exf5 Rxf5 17. Bg4 Rf8 18. Bd2 Bd4+ 19. Kh1 Qe8 20. Be6+ Kh8 21. Rf1 Ne5 22. Ne3 Bxe3 23. Bxe3 Nexc4 24. Qc3+ Rf6 25. Bf2 Qf8 26. Bh4 Qg7 27. Bxf6 exf6 28. a4 f5 29. Qxg7+ Kxg7 30. a5 Nc8 31. Rfe1 Ne7 32. Re2 b6 33. Bd7 Kf6 34. Re6+ Kf7 35. Rae1 Rc8 1-0

[Event "IIFL Wealth  4th Mumbai Junior U-13"]
[Site "Mumbai"]
[Date "2019.01.06"]
[Round "8"]
[White "Vivaan Vijay Saraogi"]
[Black "Mahi Amit Doshi"]
[Result "0-1"]
[ECO "B18"]
[WhiteElo "1290"]
[BlackElo "1551"]
[Annotator "NA"]
[PlyCount "74"]
[EventDate "2018.12.30"]
[EventType "swiss"]
[EventCountry "IND"]
[SourceTitle "playchess.com"]
[Source "ChessBase"]
[SourceQuality "1"]
[TimeControl "40/5400+30:1800+30"]

1. e4 c6 2. d4 d5 3. Nd2 dxe4 4. Nxe4 Bf5 5. Ng3 Bg6 6. h4 h6 7. Nh3 Nf6 8. Nf4 Bh7 9. Bc4 e6 10. O-O Bd6 11. Re1 O-O 12. c3 Nd5 13. Bxd5 cxd5 14. Qg4 Nd7 15. Nxe6 fxe6 16. Qxe6+ Rf7 17. Qxd6 Qxh4 18. Qxd5 Nf6 19. Qc4 Ng4 20. Be3 Qh2+ 21. Kf1 Re8 22. Bf4 Ref8 23. Rad1 Kh8 24. Re8 Rxf4 25. Rxf8+ Rxf8 26. Rd2 Ne3+ 27. Ke1 Nxc4 28. Re2 Qg1+ 29. Nf1 Bd3 30. f3 Bxe2 31. Kxe2 Re8+ 32. Kd3 Qxf1+ 33. Kc2 b5 34. Kb3 a5 35. a4 Qd1+ 36. Ka2 Qxa4+ 37. Kb1 Re1# 0-1

[Event "IIFL Wealth  4th Mumbai Junior U-13"]
[Site "Mumbai"]
[Date "2019.01.06"]
[Round "8"]
[White "Srivatsan Karthikeyan"]
[Black "Arjun Sidharth S"]
[Result "0-1"]
[ECO "B90"]
[WhiteElo "1288"]
[BlackElo "1489"]
[Annotator "NA"]
[PlyCount "132"]
[EventDate "2018.12.30"]
[EventType "swiss"]
[EventCountry "IND"]
[SourceTitle "playchess.com"]
[Source "ChessBase"]
[SourceQuality "1"]
[TimeControl "40/5400+30:1800+30"]

1. e4 c5 2. Nf3 d6 3. d4 cxd4 4. Nxd4 Nf6 5. Nc3 a6 6. Be3 e5 7. Nb3 Be6 8. f3 Nbd7 9. Qd2 b5 10. O-O-O Nb6 11. Qf2 Nc4 12. Bxc4 bxc4 13. Na5 Qd7 14. Rd2 Be7 15. Rhd1 O-O 16. Nd5 Bxd5 17. exd5 Qa4 18. Nc6 Nxd5 19. Nxe7+ Nxe7 20. Kb1 Nc8 21. c3 Qc6 22. Qg3 f5 23. Bf2 Rf6 24. h4 Ne7 25. h5 Rb8 26. Rh1 Nd5 27. Rc1 Nf4 28. Rcd1 Nd3 29. Rxd3 cxd3 30. Rxd3 Qc4 31. Rd2 Qxc3 32. Rc2 Qd3 33. Be1 Rff8 34. h6 g6 35. Kc1 Rfc8 36. Bc3 Qe3+ 37. Bd2 Rxc2+ 38. Kxc2 Rc8+ 39. Kd1 Qd3 40. Ke1 Qb1+ 41. Ke2 Qxa2 42. Qg5 Kf7 43. Qe3 Qc4+ 44. Ke1 Qh4+ 45. Ke2 Qc4+ 46. Ke1 Qc5 47. Qb3+ Qc4 48. Qe3 Qh4+ 49. Ke2 Qd4 50. Qb3+ Qc4+ 51. Qxc4+ Rxc4 52. Bc3 Rxc3 53. bxc3 Ke6 54. Kd3 Kd5 55. c4+ Kc5 56. Kc3 a5 57. g4 fxg4 58. fxg4 e4 59. g5 a4 60. Kc2 Kxc4 61. Kb2 e3 62. Ka2 e2 63. Kb2 e1=Q 64. Ka2 Qd2+ 65. Kb1 a3 66. Ka1 Qb2# 0-1

[Event "IIFL Wealth  4th Mumbai Junior U-13"]
[Site "Mumbai"]
[Date "2019.01.06"]
[Round "8"]
[White "Vishal Shewale"]
[Black "Rajbeer Ahmed"]
[Result "1-0"]
[ECO "B24"]
[WhiteElo "1287"]
[BlackElo "1550"]
[Annotator "NA"]
[PlyCount "87"]
[EventDate "2018.12.30"]
[EventType "swiss"]
[EventCountry "IND"]
[SourceTitle "playchess.com"]
[Source "ChessBase"]
[SourceQuality "1"]
[TimeControl "40/5400+30:1800+30"]

1. e4 c5 2. Nc3 Nc6 3. Bb5 e6 4. Bxc6 bxc6 5. d3 d5 6. f4 Nf6 7. e5 Nd7 8. Nf3 Qb6 9. b3 Ba6 10. Na4 Qc7 11. c4 Nb6 12. Nc3 Rd8 13. Qe2 Nd7 14. O-O Be7 15. Qf2 Nf8 16. Na4 d4 17. Nd2 Nd7 18. Ne4 g6 19. Ba3 Qa5 20. Qe1 Qxe1 21. Raxe1 g5 22. Nxg5 Bxg5 23. fxg5 Rg8 24. h4 h6 25. gxh6 Rg6 26. Nxc5 Nxc5 27. Bxc5 Rxh6 28. Re4 Rd7 29. Rg4 Rh8 30. Rf6 Rd8 31. Rg7 Rd7 32. h5 Kd8 33. Bd6 Kc8 34. h6 c5 35. h7 Kb7 36. Rh6 Kc6 37. Rg8 Rd8 38. Rxd8 Rxd8 39. h8=Q Rg8 40. Qxg8 Bc8 41. Qxc8+ Kb6 42. Bxc5+ Ka5 43. Qc7+ Ka6 44. Qxa7# 1-0

[Event "IIFL Wealth  4th Mumbai Junior U-13"]
[Site "Mumbai"]
[Date "2019.01.06"]
[Round "8"]
[White "Keshav Padmanabhan"]
[Black "Rushyendra Chowdary Kantipudi"]
[Result "0-1"]
[ECO "B24"]
[WhiteElo "1272"]
[BlackElo "1527"]
[Annotator "NA"]
[PlyCount "64"]
[EventDate "2018.12.30"]
[EventType "swiss"]
[EventCountry "IND"]
[SourceTitle "playchess.com"]
[Source "ChessBase"]
[SourceQuality "1"]
[TimeControl "40/5400+30:1800+30"]

1. e4 c5 2. Nc3 Nc6 3. g3 e6 4. Bg2 Nge7 5. d3 g6 6. Be3 d6 7. f4 Bg7 8. Nf3 O-O 9. O-O b6 10. Rb1 Bb7 11. Qd2 d5 12. exd5 exd5 13. Bf2 Nf5 14. g4 Nfd4 15. Nxd5 Qd7 16. Ne3 Nxf3+ 17. Bxf3 Nd4 18. Bd1 Qc6 19. Bg3 Rfe8 20. Qg2 Rxe3 21. Qxc6 Bxc6 22. c3 Ne2+ 23. Kf2 Rae8 24. Ke1 Nxg3+ 25. Kd2 Nxf1+ 26. Kc2 Re1 27. Kb3 Nd2+ 28. Kc2 Nxb1 29. Kxb1 R8e2 30. a3 Rxd1+ 31. Ka2 Bd5+ 32. c4 Rxb2# 0-1

[Event "IIFL Wealth  4th Mumbai Junior U-13"]
[Site "Mumbai"]
[Date "2019.01.06"]
[Round "8"]
[White "Sushanth Kamabathula"]
[Black "Ratnapriya K"]
[Result "1/2-1/2"]
[ECO "C55"]
[WhiteElo "1267"]
[BlackElo "1516"]
[Annotator "NA"]
[PlyCount "120"]
[EventDate "2018.12.30"]
[EventType "swiss"]
[EventCountry "IND"]
[SourceTitle "playchess.com"]
[Source "ChessBase"]
[SourceQuality "1"]
[TimeControl "40/5400+30:1800+30"]

1. e4 e5 2. Nf3 Nc6 3. Bc4 Nf6 4. d3 Be7 5. O-O O-O 6. c3 d5 7. exd5 Nxd5 8. Be3 Bg4 9. Nbd2 Kh8 10. Bxd5 Qxd5 11. Qb3 Qxb3 12. axb3 f5 13. b4 f4 14. Bc5 Bxc5 15. bxc5 Rad8 16. d4 exd4 17. cxd4 a6 18. h3 Bxf3 19. Nxf3 Nxd4 20. Nxd4 Rxd4 21. Rfd1 Rc4 22. Rac1 Rxc1 23. Rxc1 Rf5 24. c6 Rb5 25. cxb7 Rxb7 26. Rc6 a5 27. Ra6 h6 28. Rxa5 Rxb2 29. Rc5 Rb1+ 30. Kh2 Rf1 31. f3 Kg8 32. Rxc7 Rd1 33. h4 Rd4 34. Kg1 Rd1+ 35. Kh2 Rd4 36. Kg1 Kh7 37. Rc6 Rd5 38. Rc4 Rf5 39. Kf2 Kg6 40. g4 fxg3+ 41. Kxg3 Kh5 42. Rg4 g6 43. Kg2 Rb5 44. Kg3 Rb1 45. Kg2 Rb2+ 46. Kg3 Rb5 47. Re4 Rd5 48. Rc4 Ra5 49. Rd4 Rc5 50. Rb4 Ra5 51. Rd4 Rb5 52. Rd6 Ra5 53. Rb6 Rc5 54. Rd6 Rb5 55. Rc6 Ra5 56. Rb6 Rc5 57. Rd6 Ra5 58. Rb6 Rc5 59. Rd6 Ra5 60. Rb6 Rc5 1/2-1/2

[Event "IIFL Wealth  4th Mumbai Junior U-13"]
[Site "Mumbai"]
[Date "2019.01.06"]
[Round "8"]
[White "Rout Yashita"]
[Black "Balkawade Om"]
[Result "1-0"]
[ECO "C14"]
[WhiteElo "1264"]
[BlackElo "1157"]
[Annotator "NA"]
[PlyCount "121"]
[EventDate "2018.12.30"]
[EventType "swiss"]
[EventCountry "IND"]
[SourceTitle "playchess.com"]
[Source "ChessBase"]
[SourceQuality "1"]
[TimeControl "40/5400+30:1800+30"]

1. e4 e6 2. d4 d5 3. Nc3 Nf6 4. Bg5 Be7 5. e5 Nfd7 6. Bxe7 Qxe7 7. f4 a6 8. Nf3 c5 9. Be2 Nc6 10. Qd2 Nb6 11. Rd1 Bd7 12. O-O c4 13. Kh1 O-O-O 14. a3 Rdg8 15. Qe1 h6 16. Qf2 f6 17. exf6 gxf6 18. Rde1 Qg7 19. Rg1 f5 20. Ne5 Nxe5 21. dxe5 Na8 22. b3 cxb3 23. cxb3 Kb8 24. b4 Rc8 25. Rc1 Rhd8 26. Qd4 Nc7 27. a4 Qf8 28. b5 a5 29. Rb1 Na8 30. Rgc1 Qc5 31. Qd2 Qb6 32. h3 Rc7 33. Rg1 Rdc8 34. Rbc1 Qc5 35. Na2 Qb6 36. Rxc7 Rxc7 37. g4 Rc5 38. gxf5 exf5 39. Nc1 Qc7 40. Nb3 Rc2 41. Qe1 Rc3 42. Rg3 d4 43. Rxc3 dxc3 44. Bd3 Be6 45. Nd4 Bd5+ 46. Kh2 Qg7 47. Qf2 Nc7 48. Nxf5 Qf8 49. Nd6 Qg7 50. b6 Ne6 51. Be4 Bxe4 52. Nxe4 c2 53. Qd2 Ka8 54. Qxc2 Qf8 55. Qd2 Qxf4+ 56. Qxf4 Nxf4 57. Kg3 Ne6 58. Kg4 Kb8 59. Kf5 Nd4+ 60. Kg6 Kc8 61. Nc5 1-0

[Event "IIFL Wealth  4th Mumbai Junior U-13"]
[Site "Mumbai"]
[Date "2019.01.06"]
[Round "8"]
[White "Tambe Shardul"]
[Black "Marium Fatima"]
[Result "1-0"]
[ECO "D53"]
[WhiteElo "1250"]
[BlackElo "1494"]
[Annotator "NA RC"]
[PlyCount "120"]
[EventDate "2018.12.30"]
[EventType "swiss"]
[EventCountry "IND"]
[SourceTitle "playchess.com"]
[Source "ChessBase"]
[SourceQuality "1"]
[TimeControl "40/5400+30:1800+30"]

1. d4 Nf6 2. c4 e6 3. Nc3 d5 4. Bg5 Be7 5. Nf3 b6 6. cxd5 Nxd5 7. Nxd5 exd5 8. Bxe7 Qxe7 9. a3 O-O 10. e3 Bg4 11. Be2 Nd7 12. Rc1 Qd6 13. Qc2 Bxf3 14. Bxf3 c5 15. dxc5 bxc5 16. Rd1 Nb6 17. O-O Rad8 18. Rd2 Rfe8 19. Rc1 c4 20. Rd4 Qe5 21. Rcd1 Rd6 22. g3 Ree6 23. Qd2 h6 24. Qa5 Rf6 25. Bg2 Qf5 26. Qd2 Rd7 27. e4 Qe5 28. exd5 Rfd6 29. Re1 Qf6 30. Re8+ Kh7 31. Rf4 Qg5 32. Qc2+ f5 33. Rxf5 Qg6 34. Be4 Qxe8 35. Rf8+ Qg6 36. Bxg6+ Rxg6 37. Rh8+ Kxh8 38. Qxg6 Rxd5 39. Kf1 Rd8 40. Qf7 Rd7 41. Qe8+ Kh7 42. Qe4+ Kh8 43. Ke1 Rd5 44. f4 Rd8 45. g4 Rf8 46. g5 hxg5 47. fxg5 Rc8 48. g6 Kg8 49. Qe6+ Kh8 50. Qh3+ Kg8 51. Qh7+ Kf8 52. Qh8+ Ke7 53. Qxg7+ Kd6 54. Qf6+ Kd7 55. Qf7+ Kd6 56. g7 Rc7 57. Qf6+ Kd5 58. g8=Q+ Kc5 59. Qe5+ Kc6 60. Qe4+ Kc5 1-0

[Event "IIFL Wealth  4th Mumbai Junior U-13"]
[Site "Mumbai"]
[Date "2019.01.06"]
[Round "8"]
[White "Haldankar Dhruv"]
[Black "Shrey Nilkant"]
[Result "1/2-1/2"]
[ECO "C55"]
[WhiteElo "1245"]
[BlackElo "1466"]
[Annotator "NA"]
[PlyCount "95"]
[EventDate "2018.12.30"]
[EventType "swiss"]
[EventCountry "IND"]
[SourceTitle "playchess.com"]
[Source "ChessBase"]
[SourceQuality "1"]
[TimeControl "40/5400+30:1800+30"]

1. e4 e5 2. Nf3 Nc6 3. Bc4 Nf6 4. d3 Be7 5. c3 O-O 6. O-O d6 7. Nbd2 Na5 8. b4 Nxc4 9. Nxc4 h6 10. h3 Be6 11. Ne3 c6 12. Re1 Qc7 13. Nf1 d5 14. exd5 cxd5 15. Bb2 Bd6 16. a3 Rad8 17. Rc1 a6 18. Qc2 Bf5 19. Ne3 Bh7 20. Red1 b5 21. Qb3 Rfe8 22. c4 bxc4 23. dxc4 d4 24. c5 dxe3 25. cxd6 exf2+ 26. Kf1 Qb6 27. Nxe5 Rxe5 28. Bxe5 Qb5+ 29. Kxf2 Qxe5 30. d7 Rxd7 31. Rc8+ Ne8 32. Qe3 Qf5+ 33. Ke2 Rd2+ 34. Qxd2 Qxc8 35. Rc1 Qe6+ 36. Qe3 Bf5 37. Qxe6 Bxe6 38. g4 Kf8 39. Kd3 Ke7 40. a4 Nd6 41. Kd4 Bd7 42. Re1+ Kd8 43. Kc5 Nc8 44. b5 axb5 45. axb5 Kc7 46. Ra1 Kb7 47. b6 f5 48. Rd1 1/2-1/2

[Event "IIFL Wealth  4th Mumbai Junior U-13"]
[Site "Mumbai"]
[Date "2019.01.06"]
[Round "8"]
[White "Kinkhabwala Hrithik"]
[Black "Raghu Ram Reddy Seelam"]
[Result "0-1"]
[ECO "C54"]
[WhiteElo "1244"]
[BlackElo "1472"]
[Annotator "NA"]
[PlyCount "174"]
[EventDate "2018.12.30"]
[EventType "swiss"]
[EventCountry "IND"]
[SourceTitle "playchess.com"]
[Source "ChessBase"]
[SourceQuality "1"]
[TimeControl "40/5400+30:1800+30"]

1. e4 e5 2. Nf3 Nc6 3. Bc4 Bc5 4. c3 Nf6 5. d3 a6 6. O-O d6 7. d4 Ba7 8. h3 O-O 9. Re1 h6 10. Bb3 Re8 11. Bc2 Bb6 12. Na3 Ba7 13. dxe5 dxe5 14. Qxd8 Rxd8 15. Nc4 Re8 16. Be3 Bxe3 17. Nxe3 Be6 18. Rad1 Rad8 19. b3 Kf8 20. c4 Nd4 21. Nxd4 Rxd4 22. Nd5 Bxd5 23. exd5 Rxd1 24. Rxd1 Ke7 25. b4 b6 26. Ba4 Rd8 27. Bc6 Kd6 28. Kf1 Ne4 29. f3 Ng3+ 30. Ke1 Nf5 31. Kd2 Rb8 32. a4 Nd4 33. b5 a5 34. Kc3 Nf5 35. Re1 Nh4 36. Re2 Rf8 37. Rf2 f5 38. f4 e4 39. Kd4 Ng6 40. g4 fxg4 41. hxg4 Nxf4 42. Kxe4 g5 43. Rh2 Rh8 44. Kf5 Rf8+ 45. Ke4 Rh8 46. Kf5 Kc5 47. Kf6 Kxc4 48. Kg7 Rd8 49. Rxh6 Kb4 50. Kf6 Kxa4 51. Kxg5 Nxd5 52. Kh5 Kb4 53. g5 a4 54. g6 Nf4+ 55. Kg4 Nxg6 56. Rxg6 a3 57. Rh6 a2 58. Rh1 Kb3 59. Kf5 Rd2 60. Ra1 Kb2 61. Rxa2+ Kxa2 62. Ke6 Kb3 63. Ke7 Kb4 64. Ke6 Kc5 65. Ke7 Rb2 66. Kd7 Rxb5 67. Kxc7 Rb2 68. Kd7 b5 69. Be4 Rd2+ 70. Kc7 b4 71. Bh7 b3 72. Bg6 b2 73. Bf5 Kc4 74. Kc6 Kc3 75. Kc5 Rc2 76. Kd5 b1=Q 77. Bxc2 Qxc2 78. Ke5 Qg6 79. Kd5 Kb4 80. Ke5 Kc5 81. Kf4 Kd4 82. Kf3 Ke5 83. Ke3 Qg3+ 84. Ke2 Kd4 85. Kd2 Qf2+ 86. Kc1 Kc3 87. Kd1 Qf1# 0-1

[Event "IIFL Wealth  4th Mumbai Junior U-13"]
[Site "Mumbai"]
[Date "2019.01.06"]
[Round "8"]
[White "Ananya Parikh"]
[Black "Saukhya Savant"]
[Result "1-0"]
[ECO "C10"]
[WhiteElo "1235"]
[BlackElo "1122"]
[Annotator "NA"]
[PlyCount "45"]
[EventDate "2018.12.30"]
[EventType "swiss"]
[EventCountry "IND"]
[SourceTitle "playchess.com"]
[Source "ChessBase"]
[SourceQuality "1"]
[TimeControl "40/5400+30:1800+30"]

1. e4 e6 2. d4 d5 3. Nc3 dxe4 4. Nxe4 Nd7 5. Nf3 Ngf6 6. Bg5 Be7 7. Nxf6+ Nxf6 8. c3 h6 9. Be3 O-O 10. Bd3 b6 11. Ne5 Bb7 12. O-O Rc8 13. Ng4 Kh8 14. Nxf6 Bxf6 15. Qh5 Qd5 16. Qh3 Rg8 17. c4 Qc6 18. d5 exd5 19. Bxh6 Bh4 20. Bg5 Rge8 21. Qxh4+ Kg8 22. Qh7+ Kf8 23. Qh8# 1-0

[Event "IIFL Wealth  4th Mumbai Junior U-13"]
[Site "Mumbai"]
[Date "2019.01.06"]
[Round "8"]
[White "Dawda Vihaan"]
[Black "Arushi Srichandan"]
[Result "0-1"]
[ECO "B09"]
[WhiteElo "1212"]
[BlackElo "1100"]
[Annotator "NA"]
[PlyCount "112"]
[EventDate "2018.12.30"]
[EventType "swiss"]
[EventCountry "IND"]
[SourceTitle "playchess.com"]
[Source "ChessBase"]
[SourceQuality "1"]
[TimeControl "40/5400+30:1800+30"]

1. e4 d6 2. d4 Nf6 3. Nc3 g6 4. f4 Bg7 5. Nf3 Nc6 6. h3 a6 7. a4 e5 8. d5 Ne7 9. fxe5 dxe5 10. Bd3 c6 11. dxc6 Nxc6 12. O-O O-O 13. Be3 Be6 14. Qe2 Nd4 15. Qf2 Nxf3+ 16. Qxf3 Nd7 17. Rad1 Qe7 18. Nd5 Bxd5 19. exd5 e4 20. Bxe4 Rae8 21. Qg4 Qxe4 22. Qxd7 Qxe3+ 23. Kh1 Qe7 24. Qg4 f5 25. Qc4 Qd6 26. Qb3 b6 27. Rfe1 Re5 28. c4 Rfe8 29. Rxe5 Rxe5 30. Qg3 Bf8 31. Qd3 Bg7 32. Qg3 Kf7 33. Qd3 Re4 34. Qb3 Qe7 35. Qg3 Qe5 36. Qxe5 Bxe5 37. b3 Re3 38. b4 Bd6 39. a5 bxa5 40. c5 axb4 41. cxd6 Ke8 42. Rc1 Rc3 43. Ra1 b3 44. Kh2 b2 45. Rb1 Rb3 46. Kg1 a5 47. Kf2 a4 48. Ke2 a3 49. Kd2 a2 50. Rxb2 Rxb2+ 51. Kc3 a1=Q 52. d7+ Kxd7 53. Kd3 Qc1 54. d6 Rd2+ 55. Ke3 Qe1+ 56. Kf3 Qf2# 0-1

[Event "IIFL Wealth  4th Mumbai Junior U-13"]
[Site "Mumbai"]
[Date "2019.01.06"]
[Round "8"]
[White "Vasudeva Varun"]
[Black "Sapre Vedang"]
[Result "1/2-1/2"]
[ECO "C54"]
[WhiteElo "1209"]
[BlackElo "1049"]
[Annotator "NA"]
[PlyCount "85"]
[EventDate "2018.12.30"]
[EventType "swiss"]
[EventCountry "IND"]
[SourceTitle "playchess.com"]
[Source "ChessBase"]
[SourceQuality "1"]
[TimeControl "40/5400+30:1800+30"]

1. e4 e5 2. Nf3 Nc6 3. Bc4 Bc5 4. c3 Nf6 5. d3 d6 6. Bb3 h6 7. O-O O-O 8. Nbd2 a6 9. h3 Ba7 10. Re1 Re8 11. Nf1 Be6 12. Bc2 d5 13. Qe2 dxe4 14. dxe4 Qe7 15. Be3 Bxe3 16. Nxe3 Rad8 17. Rad1 Rxd1 18. Rxd1 Rd8 19. Rxd8+ Qxd8 20. Nc4 Bxc4 21. Qxc4 Qe7 22. b4 Nd7 23. a4 Nb6 24. Qd3 Qd6 25. b5 axb5 26. Qxd6 cxd6 27. axb5 Na7 28. Bd3 Na4 29. c4 Nc5 30. Bc2 Kf8 31. Kf1 Nc8 32. Ke1 Nb6 33. Nd2 Ke7 34. Kd1 Kf6 35. Kc1 Kg5 36. g3 h5 37. Bb1 Nbd7 38. Nf3+ Kf6 39. Kb2 b6 40. Nh4 g6 41. f4 Ne6 42. Ng2 exf4 43. gxf4 {[%emt 0:01:12] Ke5} 1/2-1/2

[Event "IIFL Wealth  4th Mumbai Junior U-13"]
[Site "Mumbai"]
[Date "2019.01.06"]
[Round "8"]
[White "Medhansh Rathi"]
[Black "Avaneesh Handur"]
[Result "1-0"]
[ECO "C54"]
[WhiteElo "1194"]
[BlackElo "1071"]
[Annotator "NA"]
[PlyCount "159"]
[EventDate "2018.12.30"]
[EventType "swiss"]
[EventCountry "IND"]
[SourceTitle "playchess.com"]
[Source "ChessBase"]
[SourceQuality "1"]
[TimeControl "40/5400+30:1800+30"]

1. e4 e5 2. Nf3 Nc6 3. Bc4 Bc5 4. c3 Nf6 5. d3 O-O 6. Nbd2 d6 7. O-O Be6 8. Bb3 Qd7 9. Bc2 d5 10. exd5 Nxd5 11. Ne4 Be7 12. Ng3 Rad8 13. Re1 f6 14. Qe2 Kh8 15. h3 Rfe8 16. d4 Bd6 17. Qd3 Bg8 18. dxe5 Nxe5 19. Nxe5 Bxe5 20. c4 Nb6 21. Qxd7 Nxd7 22. Bb3 Bxg3 23. Rxe8 Bxf2+ 24. Kxf2 Rxe8 25. Be3 a6 26. Bf4 c6 27. Rd1 Nc5 28. Kf3 Be6 29. Be3 Nd7 30. Bf4 g5 31. Bh2 Kg7 32. Rd6 Kf8 33. g4 Ke7 34. Rd2 Rd8 35. Bd6+ Kf7 36. Ke3 Nb6 37. c5 Bxb3 38. axb3 Nc8 39. Bc7 Rxd2 40. Kxd2 Ne7 41. Kd3 Nd5 42. Bd6 Kg6 43. Ke4 h5 44. Bg3 hxg4 45. hxg4 Nb4 46. Be1 Nd5 47. Bd2 Ne7 48. Be1 f5+ 49. gxf5+ Nxf5 50. Ke5 Ne7 51. Kd6 Nd5 52. Kd7 g4 53. Kc8 Kf5 54. Kxb7 Kf4 55. Kxc6 Ne3 56. Kb6 Kf3 57. c6 Ng2 58. c7 Nxe1 59. c8=Q g3 60. Qc3+ Kf2 61. Qd2+ Kf1 62. Qf4+ Kg2 63. Kxa6 Nf3 64. b4 Kf2 65. Qc7 g2 66. Qc5+ Kg3 67. b5 Ne5 68. Qxe5+ Kf2 69. Qd4+ Kf1 70. b6 g1=Q 71. Qxg1+ Kxg1 72. b7 Kf2 73. b8=Q Kf3 74. b4 Ke4 75. b5 Kd5 76. b6 Kc6 77. b7 Kc5 78. Qc7+ Kb4 79. b8=Q+ Ka4 80. Qa5# 1-0